AoeStats
← 焕

Nomad

509948929Analyzed
2v2 RM · 3d ago on Sep 28, 2026· 33m 40s· 4 players
Game mode
Random Map
Map size
176×176
Population
200
Speed
Normal
Resources
Standard
Victory
Conquest
Starting age
Dark Age
Ending age
Imperial Age
RankedLock teamsTeams togetherTeam positionsShared explorationLock speedFull tech treeHidden civsTurbo modeCheats
Victory
Defeat
🇩🇪 Berbers · Germany
1249
+18
🇫🇷 Mongols · France
1246
+19
🇮🇹 Persians · Italy
1316
-19
🇮🇹 Romans · Italy
1294
-18
Grasdackel
5:16 Loom
14:24 Feudal Age
19:03 Castle Age
16:58 Fletching
18:37 Double-Bit Axe
19:50 Bodkin Arrow
22:53 Horse Collar
24:29 Wheelbarrow
25:22 Town Watch
26:15 Heavy Plow
26:40 Padded Archer Armor
29:35 Leather Archer Armor
32:20 Gold Mining
32:46 Bow Saw
guillaumegbzh
5:15 Loom
12:15 Feudal Age
13:57 Double-Bit Axe
17:08 Fletching
23:17 Castle Age
21:30 Stone Mining
22:39 Town Watch
25:20 Wheelbarrow
25:52 Bodkin Arrow
26:59 Padded Archer Armor
27:20 Bow Saw
31:03 Husbandry
31:39 Bloodlines
塔奈花铃
14:02 Feudal Age
15:24 Wheelbarrow
21:36 Castle Age
20:05 Stone Mining
21:50 Town Watch
21:51 Loom
22:22 Hand Cart
22:56 Fishing Lines
26:10 Gillnets
26:41 Gold Mining
26:44 Double-Bit Axe
29:34 Gold Shaft Mining
29:12 Fletching
29:23 Padded Archer Armor
31:35 Bloodlines
31:25 Husbandry
31:32 Scale Barding Armor
31:37 Forging
33:19 Chain Barding Armor
焕
9:26 Loom
12:06 Feudal Age
15:39 Fletching
16:15 Double-Bit Axe
18:53 Wheelbarrow
18:59 Fishing Lines
21:11 Town Watch
24:07 Castle Age
25:49 Castle Age
27:35 Bow Saw
29:01 Hand Cart
31:13 Bodkin Arrow
31:19 Padded Archer Armor
31:21 Elite Skirmisher
33:30 Scale Barding Armor
33:36 Forging
33:46 Husbandry
33:56 Bloodlines
Connection lost

Rejoining the realm…

Still unreachable

The connection could not be restored.

Session expired

The server has moved on; the page needs a fresh start.